 Dungeon Crawl Stone Soup version 0.13.0-65-g2bb7898 (webtiles) character file.

21334 Kae the Unseen (level 12, -14/51 HPs)
             Began as a Spriggan Enchanter on Nov 25, 2013.
             Was a High Priest of Vehumet.
             Demolished by a minotaur (24 damage)
             ... in a labyrinth.
             The game lasted 01:09:31 (20572 turns).

Kae the Unseen (Spriggan Enchanter)                Turns: 20572, Time: 01:09:31

HP -14/51        AC  4     Str  7      XL: 12   Next: 50%
MP  19/32        EV 23     Int 19      God: Vehumet [*****.]
Gold 291         SH 18     Dex 16      Spells:  4 memorised, 16 levels left

Res.Fire  : . . .   See Invis. : +   a - +2 dagger {=f}
Res.Cold  : + . .   Warding    : .   b - +1 robe
Life Prot.: . . .   Conserve   : .   F - +3 elf buckler (curse)
Res.Poison: +       Res.Corr.  : +   (helmet restricted)
Res.Elec. : .       Clarity    : .   e - +0 cloak
Sust.Abil.: . .     Spirit.Shd : .   (gloves unavailable)
Res.Mut.  : .       Stasis     : .   (boots unavailable)
Res.Rott. : .       Flight     : .   E - amulet of resist corrosion
Saprovore : . . .                    O - ring "Thresub" {rPois rF+ Acc+2}
                                     m - ring of ice

@: burdened, very quick, quite resistant to hostile enchantments, very stealthy
A: unfitting armour, see invisible, herbivore 3, speed 3, slow metabolism 2
a: Renounce Religion


You were in a labyrinth.
You worshipped Vehumet.
Vehumet was extremely pleased with you.
You were encumbered.
You were not hungry.

You visited 3 branches of the dungeon, and saw 16 of its levels.
You also visited: Labyrinth.

You collected 402 gold pieces.
You spent 131 gold pieces at shops.

Inventory:

Hand weapons
 a - a +2,+2 dagger (weapon) {=f}
Missiles
 d - 12 darts (quivered)
Armour
 b - a +1 robe (worn)
 e - a +0 cloak (worn)
 F - a cursed +3 elven buckler (worn)
Magical devices
 y - a wand of polymorph (8)
 A - a wand of fireball (6)
 M - a wand of paralysis (22)
Comestibles
 v - 6 bread rations
Scrolls
 h - a scroll of noise
 l - 8 scrolls of remove curse
 n - 4 scrolls of fog
 o - 3 scrolls of identify
 q - 2 scrolls of enchant weapon II
 s - 2 scrolls of enchant weapon I
 u - 2 scrolls of teleportation
 J - a scroll of blinking
 N - 2 scrolls of amnesia
Jewellery
 m - a ring of ice (left hand)
 z - the amulet "Fies" {Inacc Hunger rF+ Stlth++, unknown}
   (You found it on level 1 of the Lair of Beasts)

   [amulet of inaccuracy]

   It protects you from fire.
   It speeds your metabolism.
   It makes you much more stealthy.
 D - a +1 ring of strength
 E - an amulet of resist corrosion (around neck)
 O - the ring "Thresub" (right hand) {rPois rF+ Acc+2}
   (You found it on level 12 of the Dungeon)

   [ring of poison resistance]

   It affects your accuracy (+2).
   It protects you from fire.
Potions
 f - 4 potions of curing
 g - 6 potions of heal wounds
 i - 2 potions of speed
 j - a potion of resistance
 p - 3 potions of agility
 r - a potion of invisibility
 t - 3 potions of might
 w - 5 potions of restore abilities
 C - a potion of mutation
 H - 2 potions of magic
 K - a potion of berserk rage
Books
 c - a book of Maledictions

   Spells                             Type                      Level
   Corona                             Hexes                        1
   Sure Blade                         Hexes/Charms                 2
   *Ensorcelled Hibernation           Hexes/Ice                    2
   *Confuse                           Hexes                        3
   Enslavement                        Hexes                        4
   *Invisibility                      Hexes                        6
 k - a book of Flames

   Spells                             Type                      Level
   Flame Tongue                       Conjuration/Fire             1
   Throw Flame                        Conjuration/Fire             2
   Conjure Flame                      Conjuration/Fire             3
   Inner Flame                        Hexes/Fire                   3
   Sticky Flame                       Conjuration/Fire             4
   Fireball                           Conjuration/Fire             5
 B - a book of Summonings

   Spells                             Type                      Level
   Abjuration                         Summoning                    3
   Recall                             Summoning/Translocation      3
   Summon Elemental                   Summoning                    4
   Shadow Creatures                   Summoning                    5
   Summon Demon                       Summoning                    5
   Summon Ugly Thing                  Summoning                    6


   Skills:
 * Level 11.9 Short Blades
 - Level 1.1 Throwing
 + Level 8.7 Dodging
 * Level 16.0 Stealth
 - Level 5.3 Shields
 + Level 9.6 Spellcasting
 + Level 10.1 Hexes


You had 16 spell levels left.
You knew the following spells:

 Your Spells              Type           Power        Failure   Level  Hunger
a - Invisibility          Hex            #####...     21%         6    ######.
b - Ensorcelled Hibernat  Hex/Ice        #####.       1%          2    None
c - Confuse               Hex            #####...     1%          3    None
d - Mephitic Cloud        Conj/Pois/Air  #.......     8%          3    None


Dungeon Overview and Level Annotations

Branches:
Dungeon (12/27)            Temple (1/1) D:7             Orc (0/4) D:7
   Lair (3/8) D:10          Swamp (0/5) Lair:3
 Shoals: Lair:3-6     Snake: Lair:3-6    Spider: Lair:3-6

Altars:
Ashenzari
Cheibriados
Elyvilon
Fedhas
Kikubaaqudgha
Makhleb
Nemelex Xobeh
Okawaru
Sif Muna
Trog
Vehumet
Xom
Yredelemnul
Zin
the Shining One

Shops:
D:5 [   D:9 +

Portals:
Ziggurat: D:4 (3890 gp)
Trove: D:11 (give 5 scrolls of blinking)
Volcano: Lair:1


Innate Abilities, Weirdness & Mutations

You are tiny and cannot use many weapons and most armour.
You have supernaturally acute eyesight.
You are a herbivore.
You cover ground extremely quickly.
You need consume almost no food.


Message History

You feel a surge of power!
The minotaur easily resists.
Casting: Ensorcelled Hibernation
Confirm with . or Enter, or press ? or * to list all spells.
Aiming: Ensorcelled Hibernation
Press: ? - help, Shift-Dir - straight line, f/p - minotaur
Aim: a minotaur You feel a surge of power!
The minotaur struggles to resist.
Casting: Ensorcelled Hibernation
Confirm with . or Enter, or press ? or * to list all spells.
Aiming: Ensorcelled Hibernation
Press: ? - help, Shift-Dir - straight line, f/p - minotaur
Aim: a minotaur You feel a surge of power!
The minotaur easily resists.
Casting: Ensorcelled Hibernation
Confirm with . or Enter, or press ? or * to list all spells.
Aiming: Ensorcelled Hibernation
Press: ? - help, Shift-Dir - straight line, f/p - minotaur
Aim: a minotaur You feel a surge of power!
The minotaur resists.
The minotaur hits you!
You die...

...# ..
##.###.###
# ....... #
#.#.#.###<#
.. # #. ##
#.####### .
#.......#
###.#.#.###
. .
.#.#.H@# #
#.#########
#..... .#
##### #. ##
. .#... # #
. # . #.. .
### .# ###
# .


You could see a minotaur.

Vanquished Creatures
  A hydra (Lair:2)
  A hill giant (D:12)
  A cyclops (D:12)
  A human (D:8)
  2 spiny frogs
  2 guardian serpents (D:10)
  Grinder (D:5)
  A komodo dragon (Lair:2)
  2 trolls
  2 two-headed ogres
  3 blink frogs (Lair:3)
  34 yaks
  2 shadows (D:11)
  A trapdoor spider (D:11)
  A wraith (D:11)
  3 hill giant zombies
  A hippogriff (D:11)
  2 necrophages
  Edmund (D:4)
  A manticore (D:10)
  Menkaure (D:4)
  A mottled dragon (D:12)
  A naga (D:8)
  2 black bears
  An ice beast (D:11)
  A swamp drake (D:7)
  8 orc warriors
  A sky beast (D:10)
  2 yellow wasps
  6 porcupines
  4 phantoms
  12 ogres
  10 centaurs
  Duvessa (D:5)
  2 giant slugs
  4 crocodiles
  3 water moccasins
  A big kobold (D:9)
  6 giant frogs
  2 wyvern skeletons
  A cyclops skeleton (D:10)
  A troll zombie (D:10)
  An eye of draining (D:12)
  A hippogriff skeleton (D:12)
  A yak skeleton (D:12)
  A troll skeleton (D:10)
  14 killer bees
  A quasit (D:11)
  A goliath beetle (D:12)
  Dowan (D:5)
  8 crimson imps
  3 jellies
  10 orc priests
  Crazy Yiuf (D:3)
  2 giant frog skeletons
  8 iguanas
  8 hounds
  A gnoll shaman (D:8)
  8 scorpions
  13 orc wizards
  An ogre zombie (D:11)
  10 worker ants
  An ogre skeleton (D:10)
  A hound zombie (D:5)
  Terence (D:3)
  2 mummies (D:8)
  6 gnolls (D:8)
  9 green rats
  17 adders
  4 giant mites
  A steam dragon skeleton (D:6)
  A giant centipede (D:10)
  6 worms
  An iguana zombie (D:7)
  An adder zombie (D:8)
  A scorpion zombie (D:7)
  2 giant eyeballs
  11 giant geckos
  An ooze (D:5)
  61 orcs
  12 bats
  7 giant cockroaches
  13 goblins
  13 hobgoblins
  22 jackals
  20 kobolds
  10 quokkas
  4 ball pythons
  8 giant newts
  2 giant spores
  A goblin skeleton (D:4)
  A hobgoblin zombie (D:5)
  A quokka zombie (D:10)
  20 rats
  12 ballistomycetes
  A fungus (D:3)
  A plant (D:5)
503 creatures vanquished.

Vanquished Creatures (others)
  An ogre (D:7)
  A hobgoblin (D:7)
  A giant spore (D:7)
3 creatures vanquished.

Grand Total: 506 creatures vanquished

Notes
Turn   | Place    | Note
--------------------------------------------------------------
     0 | D:1      | Kae, the Spriggan Enchanter, began the quest for the Orb.
     0 | D:1      | Reached XP level 1. HP: 9/9 MP: 4/4
   296 | D:1      | Reached XP level 2. HP: 13/13 MP: 7/7
   300 | D:1      | Learned a level 2 spell: Ensorcelled Hibernation
  1065 | D:2      | Reached skill level 4 in Stealth
  1065 | D:2      | Reached XP level 3. HP: 16/16 MP: 9/9
  1387 | D:2      | Reached XP level 4. HP: 10/21 MP: 9/12
  1462 | D:2      | Reached skill level 5 in Stealth
  2440 | D:3      | Noticed Terence
  2445 | D:3      | Killed Terence
  2445 | D:3      | Reached XP level 5. HP: 21/24 MP: 12/15
  2641 | D:3      | Learned a level 3 spell: Confuse
  2932 | D:3      | Reached skill level 6 in Stealth
  3114 | D:3      | Noticed Crazy Yiuf
  3117 | D:3      | Killed Crazy Yiuf
  3208 | D:4      | Reached XP level 6. HP: 15/28 MP: 12/18
  3280 | D:4      | Reached skill level 1 in Shields
  3374 | D:4      | Found a gateway to a ziggurat.
  3582 | D:4      | Noticed Edmund
  3583 | D:4      | Noticed Menkaure
  3586 | D:4      | Killed Menkaure
  3596 | D:4      | Killed Edmund
  3596 | D:4      | Reached XP level 7. HP: 14/32 MP: 7/20
  3871 | D:4      | Reached skill level 7 in Stealth
  3871 | D:4      | Reached skill level 5 in Hexes
  3940 | D:4      | Found a glowing golden altar of the Shining One.
  3972 | D:5      | Entered Level 5 of the Dungeon
  4111 | D:5      | Noticed Duvessa
  4112 | D:5      | Noticed Dowan
  4139 | D:5      | Killed Duvessa
  4150 | D:5      | Killed Dowan
  4472 | D:5      | Found Veir's Antique Armour Emporium.
  4583 | D:5      | Reached skill level 5 in Short Blades
  4675 | D:5      | Reached skill level 8 in Stealth
  4701 | D:5      | Noticed Grinder
  5044 | D:5      | Reached XP level 8. HP: 36/36 MP: 21/23
  5133 | D:5      | Killed Grinder
  5489 | D:6      | Reached skill level 5 in Spellcasting
  5535 | D:6      | Reached skill level 9 in Stealth
  6088 | D:6      | Reached XP level 9. HP: 39/39 MP: 23/25
  6616 | D:7      | Reached skill level 10 in Stealth
  6919 | D:7      | Found a staircase to the Orcish Mines.
  7438 | D:7      | Found a staircase to the Ecumenical Temple.
  7529 | Temple   | Entered the Ecumenical Temple
  7938 | D:7      | Reached skill level 11 in Stealth
  8170 | D:7      | Found a blossoming altar of Fedhas.
  8246 | D:7      | Reached skill level 5 in Shields
  8937 | D:8      | Found a radiant altar of Vehumet.
  9329 | D:8      | Became a worshipper of Vehumet
  9387 | D:8      | Reached XP level 10. HP: 44/44 MP: 24/27
  9444 | D:8      | Noticed a human
  9465 | D:8      | Killed a human
 10151 | D:7      | Reached skill level 12 in Stealth
 10167 | D:7      | Acquired Vehumet's first power
 10167 | D:7      | Offered knowledge of Freeze by Vehumet.
 10415 | D:8      | Found a blossoming altar of Fedhas.
 10506 | D:9      | Found Phoeluzi's Book Emporium.
 11124 | D:9      | Offered knowledge of Shock by Vehumet.
 11341 | D:10     | Entered Level 10 of the Dungeon
 11612 | D:10     | Noticed a guardian serpent
 11638 | D:10     | Killed a guardian serpent
 11638 | D:10     | Reached skill level 13 in Stealth
 11797 | D:10     | Found a staircase to the Lair.
 11966 | D:10     | Reached XP level 11. HP: 47/47 MP: 23/29
 12323 | D:10     | Reached skill level 5 in Dodging
 12597 | D:10     | Reached skill level 10 in Short Blades
 12896 | D:10     | Offered knowledge of Throw Flame by Vehumet.
 12960 | D:10     | Learned a level 6 spell: Invisibility
 13127 | D:10     | Noticed a guardian serpent
 13134 | D:10     | Killed a guardian serpent
 13184 | D:11     | Acquired Vehumet's second power
 13349 | D:11     | Paralysed by you for 5 turns
 13423 | D:11     | Reached skill level 14 in Stealth
 13491 | D:11     | Offered knowledge of Sticky Flame by Vehumet.
 13512 | D:11     | Found a portal to a secret trove of treasure.
 13842 | D:11     | Noticed an unseen horror
 13960 | D:11     | Acquired Vehumet's third power
 14191 | D:12     | HP: 1/47 [yak (13)]
 14699 | D:11     | Offered knowledge of Mephitic Cloud by Vehumet.
 14823 | D:11     | Learned a level 3 spell: Mephitic Cloud
 15108 | D:12     | Got a sparkling lead ring
 15111 | D:12     | Identified the ring "Thresub" {rPois rF+ Acc+2} (You found it on level 12 of the Dungeon)
 15411 | D:12     | Noticed a hill giant
 15421 | D:12     | Killed a hill giant
 15430 | D:12     | Reached XP level 12. HP: 51/51 MP: 30/32
 15452 | D:12     | Reached skill level 15 in Stealth
 16226 | D:5      | Bought a bloodstained robe for 131 gold pieces
 16233 | D:5      | Identified the cursed -2 robe of Hadjma {+Rage rF+ Dam-3 Curse} (You bought it in a shop on level 5 of the Dungeon)
 16539 | Lair:1   | Entered Level 1 of the Lair of Beasts
 16586 | Lair:1   | Got a flickering bronze amulet
 17206 | Lair:1   | Found a dark tunnel.
 17302 | Lair:2   | Noticed a six-headed hydra
 17304 | Lair:2   | Offered knowledge of Poisonous Cloud by Vehumet.
 17330 | Lair:2   | Killed a six-headed hydra
 17858 | Lair:2   | Reached skill level 10 in Hexes
 18272 | Lair:3   | Found a staircase to the Swamp.
 18362 | Lair:3   | Found a labyrinth entrance.
 18369 | Lair:3   | Reached skill level 16 in Stealth
 18376 | Lab      | Entered a labyrinth
 20549 | Lab      | Noticed a minotaur
 20572 | Lab      | Demolished by a minotaur

Action                   |  1- 3 |  4- 6 |  7- 9 | 10-12 || total
-------------------------+-------+-------+-------+-------++-------
Melee: Dagger            |   150 |   236 |   461 |   647 ||  1494
Throw: Dart              |       |       |       |     2 ||     2
 Cast: Ensorcelled Hiber |    10 |    27 |   120 |   289 ||   446
       Confuse           |       |     2 |    20 |    40 ||    62
Evoke: Wand              |       |       |       |     7 ||     7
  Use: Potion            |       |     1 |       |     2 ||     3
       Scroll            |       |       |    15 |    19 ||    34
 Stab: Sleeping          |    17 |    36 |   105 |   204 ||   362
       Confused          |       |     1 |    10 |    34 ||    45
       Distracted        |       |       |     1 |     2 ||     3
